 Dungeon Crawl Stone Soup version 0.28-a0-1616-g050a50673c (webtiles) character file.

Game seed: 11248045054045762544

141 croobank the Firebug (level 4, -5/33 HPs)
             Began as a Demigod Fire Elementalist on Jan 22, 2022.
             Slain by a killer bee (8 damage)
             ... on level 7 of the Dungeon.
             The game lasted 00:12:33 (3106 turns).

croobank the Firebug (Demigod Fire Elementalist)    Turns: 3106, Time: 00:12:34

Health: -5/33      AC:  3    Str: 13    XL:     4   Next: 73%
Magic:  1/10       EV: 12    Int: 17    God:
Gold:   168        SH:  0    Dex: 14    Spells: 4/8 levels left

rFire   . . .      SeeInvis .   k - +3 dagger
rCold   . . .      Faith    .   (no shield)
rNeg    . . .      Spirit   .   a - +0 robe
rPois   .          Reflect  .   (no helmet)
rElec   +          Harm     .   (no cloak)
rCorr   .          Rampage  .   o - +0 pair of gloves
Will    +....                   (no boots)
Stlth   ++........              (no amulet)
HPRegen 0.11/turn               (no ring)
MPRegen 0.12/turn               (no ring)

@: lethally poisoned (-5 -> -14), attractive, flying
A: high mp 1, forlorn, divine attributes, strong-willed 1, electricity
resistance
a: no special abilities


You were on level 7 of the Dungeon.
You visited 1 branch of the dungeon, and saw 5 of its levels.

You collected 168 gold pieces.

Inventory:

Hand Weapons
 d - a +0 spear
 h - a +0 hunting sling
 k - a +3 dagger (weapon)
 p - a +0 long sword
Missiles
 b - 4 poisoned darts
 e - 45 stones
 g - 23 bolts
 i - 21 arrows
 s - 22 sling bullets
Armour
 a - a +0 robe (worn)
 l - a +0 leather armour
 n - a +0 ring mail
 o - a +0 pair of gloves (worn)
Potions
 q - a potion of flight


   Skills:
 + Level 2.6 Dodging
 + Level 2.7 Stealth
 + Level 2.5 Spellcasting
 + Level 2.1 Conjurations
 + Level 3.3 Fire Magic


You had 4 spell levels left.
You knew the following spells:

 Your Spells              Type           Power      Damage    Failure   Level
a - Foxfire               Conj/Fire      44%        2x1d6     6%          1
b - Scorch                Fire           26%        2d6       7%          2
c - Sandblast             Erth           4%         2d4       19%         1

Your spell library contained the following spells:

 Spells                   Type           Power      Damage    Failure   Level
 Summon Small Mammal      Summ           8%         N/A       19%         1
 Conjure Flame            Conj/Fire      11%        6-21      19%         3
 Passwall                 Tmut/Erth      1%         N/A       28%         2
 Inner Flame              Hex/Fire       7%         N/A       28%         3
 Stone Arrow              Conj/Erth      10%        3d7       34%         3
 Call Canine Familiar     Summ           2%         N/A       50%         3
 Confusing Touch          Hex            2%         N/A       50%         3
 Gell's Gravitas          Tloc           2%         N/A       50%         3
 Lesser Beckoning         Tloc           2%         N/A       50%         3
 Summon Guardian Golem    Hex/Summ       2%         N/A       50%         3
 Teleport Other           Tloc           2%         N/A       50%         3
 Flame Wave               Conj/Fire      11%        2d5       52%         4
 Yara's Violent Unravell  Hex/Tmut       1%         3d3       99%         5
 Enfeeble                 Hex            1%         N/A       100%        7


Dungeon Overview and Level Annotations

Branches:
Dungeon (4/15)
 Temple: D:4-7

Annotations:
D:2 Sigmund


Innate Abilities, Weirdness & Mutations

You have an increased reservoir of magic. (+10% MP)
You shall have no god before yourself.
Your divine heritage dramatically boosts your attributes as you level up.
You are strong-willed. (Will+)
You are resistant to electric shocks. (rElec)


Message History

You don't have enough magic to cast this spell.
Casting: Scorch (safe; 8% risk of failure)
Confirm with . or Enter, or press ? or * to list all spells.
You don't have enough magic to cast this spell.
Casting: Scorch (safe; 8% risk of failure)
Confirm with . or Enter, or press ? or * to list all spells.
You conjure some foxfire!
The killer bee is no longer more vulnerable to fire.
The hound barely misses you. The hound bites you.
Your foxfire dissipates!
You hit the hound.
You kill the hound!
The killer bee stings you.
As you read the scroll labelled MUEWUZU ZOHIDO, it crumbles to dust.
You speak a Word of immense power!
It was a scroll of holy word.
The killer bee stings you!
You are poisoned.
The killer bee poisons you! The killer bee stings you.
You hit the killer bee.
The killer bee is lightly wounded.
You feel sick.
The killer bee stings you but does no damage.
The killer bee closely misses you.
You aren't carrying any scrolls.
It was a potion of flight.
You feel very buoyant.
You fly up into the air.
You feel sick. The killer bee stings you.
* * * LOW HITPOINT WARNING * * *
You are lethally poisoned!
The killer bee poisons you! The killer bee completely misses you.
It was a potion of attraction.
You feel attractive to monsters.
* * * LOW HITPOINT WARNING * * *
You feel very sick. The killer bee closely misses you.
The killer bee barely misses you.
You feel extremely strange.
You feel insulated.
You feel strong-willed.
* * * LOW HITPOINT WARNING * * *
You feel sick. The killer bee stings you!
You die...

#..........
#.........
###........
.........
#......
..... #..#
#@# #y#
#y## #yy#
#y.# #...#
#.#.#
#.#.##
#.#..# #


You could see 5 killer bees.

Vanquished Creatures
  A hound (D:7)
  Terence (D:3)
  A hound skeleton (D:4)
  An adder (D:3)
  A dart slug (D:1)
  An orc (D:3)
  2 ball pythons (D:1)
  6 bats
  6 endoplasms
  A giant cockroach (D:3)
  7 goblins
  9 hobgoblins
  8 jackals
  4 kobolds (D:1)
  5 frilled lizards
  5 rats
59 creatures vanquished.

Vanquished Creatures (others)
  80 foxfires
80 creatures vanquished.

Grand Total: 139 creatures vanquished

Notes
Turn   | Place    | Note
-------+----------+-------------------------------------------
     0 | D:1      | croobank the Demigod Fire Elementalist began the quest for
                  | the Orb.
     0 | D:1      | Reached XP level 1. HP: 14/14 MP: 5/5
    21 | D:1      | Reached skill level 1 in Conjurations
   508 | D:1      | Reached XP level 2. HP: 20/20 MP: 5/7
  1145 | D:1      | Learned a level 2 spell: Scorch
  1467 | D:2      | Reached XP level 3. HP: 26/26 MP: 6/8
  1529 | D:2      | Reached skill level 3 in Fire Magic
  1676 | D:2      | Noticed Sigmund
  1751 | D:3      | Learned a level 1 spell: Sandblast
  2431 | D:3      | Noticed Terence
  2437 | D:3      | Killed Terence
  2438 | D:3      | Reached XP level 4. HP: 32/33 MP: 3/10
  3087 | D:4      | You fall into a shaft and drop 3 floors!
  3106 | D:7      | Gained mutation: You are resistant to electric shocks.
                  | (rElec) [potion of mutation]
  3106 | D:7      | Gained mutation: You are strong-willed. (Will+) [potion of
                  | mutation]
  3106 | D:7      | Slain by a killer bee

Illustrated notes

Levels and vault maps discovered:
D:1:      dpeg_arrival_boxorama, layout_rooms, kennysheep_minor_cross,
          minmay_statues_item, minmay_distorted
D:2:      layout_basic, serial_curves, eino_curves_04, eino_curves_01,
          eino_curves_02, eino_curves_04, uniq_sigmund
D:3:      layout_loops_corners, mainiacjoe_overflow_boulevard, uniq_terence
D:4:      layout_basic, bloody_makhleb, serial_shops, shop_statue,
          uniq_eustachio
D:7:      layout_basic, kennysheep_little_box, overflow_temple_1_default,
          hellmonk_guarded_unrand_lears, uniq_harold

Skill      XL: |  1  2  3  4 |
---------------+-------------+-----
Conjurations   | 1 2 |  2.1
Stealth        | 2 |  2.7
Dodging        | 2 |  2.6
Spellcasting   | 2 |  2.5
Fire Magic     | 3 |  3.3

Action                   |  1- 3 |  4- 6 || total
-------------------------+-------+-------++-------
Melee: Unarmed           |    16 |       ||    16
       Spear             |    27 |       ||    27
       Dagger            |    18 |     9 ||    27
 Cast: Foxfire           |    48 |     1 ||    49
       Scorch            |    16 |    16 ||    32
  Use: Scroll            |     2 |     3 ||     5
       Potion            |       |     4 ||     4
 Stab: Sleeping          |     1 |       ||     1
Armor: Robe              |    15 |     6 ||    21
Dodge: Dodged            |    61 |    18 ||    79

Table legend: (Time is in decaauts)
 A = Elapsed time spent in this place.
 B = Non-inter-level travel time spent in this place.
 C = Inter-level travel time spent in this place.
 D = Time resting spent in this place.
 E = Time spent auto-exploring this place.
 F = Levels seen in this place.
 G = Mean time per level.
                   A        B        C        D        E       F      G
               +--------+--------+--------+--------+--------+-----+--------+
         Total |   3107 |   3027 |     80 |     93 |   2288 |   5 |  621.4 |
       Dungeon |   3107 |   3027 |     80 |     93 |   2288 |   5 |  621.4 |
               +--------+--------+--------+--------+--------+-----+--------+

Top non-repeatable levels by time:
     D:1: 1467 daAuts
     D:3: 1197 daAuts
     D:2: 256 daAuts
     D:4: 166 daAuts
     D:7: 18 daAuts
